 Dungeon Crawl Stone Soup version 0.24-a0-434-gd57e52fea8 (webtiles) character file.

Game seed: 12987930580438404115

21 Amnesiac the Digger (level 2, -1/19 HPs)
             Began as a Mummy Earth Elementalist on June 16, 2019.
             Slain by a worker ant (8 damage)
             ... on level 4 of the Dungeon.
             The game lasted 00:02:09 (761 turns).

Amnesiac the Digger (Mummy Earth Elementalist)       Turns: 761, Time: 00:02:10

Health: -1/19      AC:  2    Str: 11    XL:     2   Next: 65%
Magic:  0/6        EV: 12    Int: 14    God:
Gold:   9          SH:  0    Dex: 12    Spells: 4/7 levels left

rFire    x . .     SeeInvis .   (no weapon)
rCold    + . .     Gourm    .   (no shield)
rNeg     + + +     Faith    .   c - +0 robe
rPois    ∞         Spirit   .   (no helmet)
rElec    .         Reflect  .   (no cloak)
rCorr    .         Harm     .   (no gloves)
MR       .....                  (no boots)
Stlth    ++........             (no amulet)
HPRegen  0.06/turn              (no ring)
MPRegen  0.10/turn              (no ring)

@: no status effects
A: no food or potions, fire vulnerability, cold resistance 1, negative energy
resistance 3, torment resistance, unbreathing
a: no special abilities


You were on level 4 of the Dungeon.
You were not hungry.

You visited 1 branch of the dungeon, and saw 4 of its levels.

You collected 9 gold pieces.

Inventory:

Missiles
 b - 66 stones (quivered)
Armour
 c - a +0 robe (worn)
Jewellery
 d - an uncursed ring of flight {unknown}
Scrolls
 a - a scroll of teleportation {!r, unknown}
 e - a scroll of amnesia {!r, unknown}


   Skills:
 - Level 1.5 Dodging
 - Level 1.5 Stealth
 + Level 3.1 Spellcasting
 - Level 0.7 Transmutations
 * Level 3.1 Earth Magic


You had 4 spell levels left.
You knew the following spells:

 Your Spells              Type           Power        Failure   Level  Hunger
a - Sandblast             Erth           ##....       6%          1    N/A
b - Passwall              Tmut/Erth      #.......     14%         2    N/A

Your spell library contained the following spells:

 Spells                   Type           Power        Failure   Level  Hunger
 Stone Arrow              Conj/Erth      #.....       32%         3    N/A
 Petrify                  Tmut/Erth      #.......     67%         4    N/A
 Lee's Rapid Deconstruct  Erth           ##........   85%         5    N/A

Dungeon Overview and Level Annotations

Branches:
Dungeon (4/15)
 Temple: D:4-7

Altars:
Qazlal


Innate Abilities, Weirdness & Mutations

You do not eat or drink.
Your flesh is vulnerable to fire.
You are immune to poison.
Your flesh is cold resistant. (rC+)
You are immune to negative energy. (rN+++)
You are immune to unholy pain and torment.
You can survive without breathing.


Message History

Confirm with . or Enter, or press ? or * to list all spells.
Aiming: Sandblast (safe; 6% risk of failure)
Press: ? - help, Shift-Dir - straight line, f/p - worker ant
Aim: a worker ant The blast of sand hits the worker ant but does no damage.
b - 70 stones The worker ant bites you.
Casting: Sandblast (safe; 6% risk of failure)
Confirm with . or Enter, or press ? or * to list all spells.
Aiming: Sandblast (safe; 6% risk of failure)
Press: ? - help, Shift-Dir - straight line, f/p - worker ant
Aim: a worker ant The blast of sand hits the worker ant.
The worker ant is lightly wounded.
b - 69 stones The worker ant closely misses you.
Casting: Sandblast (safe; 6% risk of failure)
Confirm with . or Enter, or press ? or * to list all spells.
Aiming: Sandblast (safe; 6% risk of failure)
Press: ? - help, Shift-Dir - straight line, f/p - worker ant
Aim: a worker ant (lightly wounded)
The blast of sand hits the worker ant.
The worker ant is moderately wounded.
b - 68 stones The worker ant bites you. x2
* * * LOW HITPOINT WARNING * * *
Casting: Sandblast (safe; 6% risk of failure)
Confirm with . or Enter, or press ? or * to list all spells.
Aiming: Sandblast (safe; 6% risk of failure)
Press: ? - help, Shift-Dir - straight line, f/p - worker ant
Aim: a worker ant (moderately wounded)
The blast of sand hits the worker ant but does no damage.
The worker ant is moderately wounded.
b - 67 stones The worker ant misses you.
Casting: Sandblast (safe; 6% risk of failure)
Confirm with . or Enter, or press ? or * to list all spells.
Aiming: Sandblast (safe; 6% risk of failure)
Press: ? - help, Shift-Dir - straight line, f/p - worker ant
Aim: a worker ant (moderately wounded)
The blast of sand hits the worker ant.
The worker ant is heavily wounded.
b - 66 stones The worker ant bites you.
* * * LOW HITPOINT WARNING * * *
Casting: Sandblast (safe; 6% risk of failure)
Confirm with . or Enter, or press ? or * to list all spells.
You don't have enough magic to cast that spell.
Casting: Sandblast (safe; 6% risk of failure)
Confirm with . or Enter, or press ? or * to list all spells.
You don't have enough magic to cast that spell.
You can't drink.
Really read
g - a scroll labeled ZACADGH ROSUD {!r}?
As you read the scroll labeled ZACADGH ROSUD {!r}, it crumbles to dust.
You feel blessed for a moment.
It was a scroll of remove curse {!r}.
The worker ant completely misses you.
You can't drink.
Unknown command.
Really read
f - a scroll labeled MEBAYN AMUJAOF {!r}?
As you read the scroll labeled MEBAYN AMUJAOF {!r}, it crumbles to dust.
Your hands glow pulsating gold for a moment.
It was a scroll of random uselessness {!r}.
The worker ant bites you!
You die...

###.).#####
#....P....###
#.PP.♣♣.....#
#...P♣♣♣..P..#
#..♣♣♣.♣P..#.# #..
♣.P..###.#######
#..♣♣..P####.....#.. .
#a.♣.......#.##)##.# .
♣.P#@##.#..#.##.# #.
...♣..a.#.##.#.##.####.
....#...#.#.......##...
♣## #...#....#........#
#.###.≈...........# ..
#...≈..§....... ##
#..≈§≈§§...≈...
....§§§#+≈##≈..#
#.#...§≈≈≈≈§§≈...


You could see a worker ant.

Vanquished Creatures
  An adder (D:2)
  An adder skeleton (D:4)
  An orc (D:4)
  A hobgoblin (D:1)
  2 jackals (D:2)
  A quokka (D:3)
  A rat (D:2)
8 creatures vanquished.

Notes
Turn   | Place    | Note
-------+----------+-------------------------------------------
     0 | D:1      | Amnesiac the Mummy Earth Elementalist began the quest for
                  | the Orb.
     0 | D:1      | Reached XP level 1. HP: 13/13 MP: 4/4
    81 | D:2      | Reached XP level 2. HP: 9/19 MP: 0/5
   126 | D:2      | Learned a level 2 spell: Passwall
   556 | D:4      | Found a stormy altar of Qazlal.
   761 | D:4      | Slain by a worker ant

Levels and vault maps discovered:
D:1:      nicolae_arrival_washed_ashore, layout_rooms, minmay_small_reverse_x
D:2:      layout_loops_cross, nicolae_overflow_crystal_walls,
          fiery_altar_vehumet, first_ration, serial_bayou_lagoon_a, nrook_uturn,
          serial_bayou_pond_b, uniq_jessica, uniq_robin
D:3:      layout_loops_corners, kennysheep_generic_room_3
D:4:      layout_basic, nicolae_qazlal_general_emergency,
          nemelex_xobeh_ov_fountains_minmay, serial_forest,
          infiniplex_forest_lined_2, infiniplex_forest_lined_3_way,
          infiniplex_forest_clump_curved, infiniplex_forest_side_room,
          infiniplex_forest_lined_corner, infiniplex_forest_end_2,
          cheibrodos_ashenzari_chains

Skill      XL: |  1  2 |
---------------+-------+-----
Earth Magic    | 3 |  3.1
Spellcasting   | 3 |  3.1
Dodging        | |  1.5
Stealth        | |  1.5
Transmutations | |  0.7

Action                   || total
-------------------------++-------
Melee: Unarmed           ||    45
 Cast: Sandblast         ||    17
  Use: Scroll            ||     2
 Stab: Sleeping          ||     1
Armor: Robe              ||    10
Dodge: Dodged            ||    30

Table legend:
 A = Non-vault XP
 B = Vault XP
 C = Vault XP percentage of total XP
 D = Non-vault monster count
 E = Vault monster count
 F = Vault count percentage of total count
                 A         B        C        D         E       F
            +---------+---------+-------+---------+---------+-------
      Total |      31 |       0 |   0.0 |       8 |       0 |   0.0
            +---------+---------+-------+---------+---------+-------
        D:1 |       2 |       0 |   0.0 |       1 |       0 |   0.0
        D:2 |      19 |       0 |   0.0 |       4 |       0 |   0.0
        D:3 |       2 |       0 |   0.0 |       1 |       0 |   0.0
        D:4 |       8 |       0 |   0.0 |       2 |       0 |   0.0
            +---------+---------+-------+---------+---------+-------
